 Dungeon Crawl Stone Soup version 0.26.0-16-gc1dbca0489 (webtiles) character file.

Game seed: 16486805944864730877

1064 zcampers the Chopper (level 8, -7/70 HPs)
             Began as a Minotaur Berserker on Jan 20, 2021.
             Was a Priest of Trog.
             Splashed by Ijyb's acid (12 damage)
             ... on level 5 of the Dungeon on Jan 21, 2021.
             The game lasted 00:07:51 (3744 turns).

zcampers the Chopper (Minotaur Berserker)           Turns: 3744, Time: 00:07:51

Health: -7/70      AC:  0    Str: 22    XL:     8   Next: 6%
Magic:  16/16      EV: 12    Int:  6    God:    Trog [***...]
Gold:   182        SH:  6    Dex: 10    Spells: 7/7 levels left

rFire    . . .     SeeInvis .   a - +1 hand axe
rCold    . . .     Faith    .   b - +2 buckler
rNeg     . . .     Spirit   .   j - +1 ring mail
rPois    .         Reflect  .   (helmet restricted)
rElec    .         Harm     .   i - scarf {repulsion}
rCorr    .         Rampage  .   (no gloves)
Will     .....                  n - +0 pair of boots
Stlth    +.........             c - amulet of regeneration
HPRegen  0.61/turn              h - ring of magical power
MPRegen  0.15/turn              (no ring)

@: corroded, repel missiles
A: retaliatory headbutt, horns 2
a: Renounce Religion, Berserk, Trog's Hand


You were on level 5 of the Dungeon.
You worshipped Trog.
Trog was most pleased with you.
You visited 2 branches of the dungeon, and saw 6 of its levels.

You collected 182 gold pieces.

Inventory:

Hand Weapons
 a - a +1 hand axe (weapon)
 q - a +0 flail
Armour
 b - a +2 buckler (worn)
 i - a scarf of repulsion (worn)
 j - a +1 ring mail (worn)
 n - a +0 pair of boots (worn)
 o - a cursed -1 tower shield
Jewellery
 c - an amulet of regeneration (around neck)
 h - a ring of magical power (left hand)
Wands
 f - a wand of polymorph (2)
Scrolls
 d - 4 scrolls of identify
 e - 2 scrolls of teleportation
 g - a scroll of enchant weapon
 m - 2 scrolls of remove curse
 p - a scroll of magic mapping
 r - a scroll of immolation {unknown}
 s - a scroll of amnesia {unknown}
Potions
 k - a potion of invisibility
 l - 3 potions of curing
 t - a potion of mutation {unknown}


   Skills:
 + Level 5.7 Fighting
 + Level 7.6 Axes
 + Level 5.6 Armour
 + Level 4.5 Dodging
 + Level 1.1 Stealth
 + Level 3.1 Shields


You had 7 spell levels left.
You didn't know any spells.
Your spell library was empty.

Dungeon Overview and Level Annotations

Branches:
Dungeon (5/15)             Temple (1/1) D:4

Altars:
Ashenzari
Elyvilon
Wu Jian
Yredelemnul

Annotations:
D:5 Ijyb


Innate Abilities, Weirdness & Mutations

You reflexively headbutt those who attack you in melee.
You have a pair of horns on your head.


Message History

You hit the adder but do no damage.
The adder is almost dead.
You block the adder's attack.
You hit the adder.
You kill the adder!
Trog accepts your kill.
Ijyb the Twisted Goblin comes into view.
She is wielding a +0 dagger and carrying a wand of acid (8).
You see here an adder corpse.
Ijyb zaps a wand.
The bolt of acid hits you!
You are splashed with acid!
You see here a red potion.
Ijyb zaps a wand.
The bolt of acid misses you.
You see here 7 gold pieces.
Ijyb screams, "No!
No, no, no, no!"
Ijyb zaps a wand.
The bolt of acid hits you!! The acid corrodes you!
You are splashed with acid!
* * * LOW HITPOINT WARNING * * *
Ijyb zaps a wand.
The bolt of acid hits you!
* * * LOW HITPOINT WARNING * * *
The acid corrodes you!
You are splashed with acid!
You die...

........##.#.##.##.##
........##...##.)..##
#######.###..########
#.###..#....##.
##########.##..>........
#......$.†.##...........
#.......!..##...........
...........##......#+###
......g@.............#
.^.........##......###
...........##......#
...........#########
......?..!.#
...........#
..########## ..


You could see Ijyb.

Vanquished Creatures
  Edmund (D:5)
  An ice beast (D:5)
  A phantom (D:4)
  2 ogres (D:4)
  A jelly (D:5)
  A howler monkey (D:3)
  2 hounds
  2 orc priests
  3 orc wizards
  Terence (D:2)
  Natasha (thrice) (D:2)
  A worker ant (D:4)
  A hound skeleton (D:5)
  Robin (D:3)
  3 gnolls (D:4)
  6 adders
  2 white imps
  An ufetubus (D:5)
  An adder skeleton (D:4)
  A worm (D:2)
  3 leopard geckos
  3 orcs
  2 ball pythons
  4 giant cockroaches
  12 goblins
  6 hobgoblins
  8 jackals
  A kobold (D:2)
  A quokka (D:3)
  4 bats
  A frilled lizard (D:4)
  A quokka skeleton (D:4)
  5 rats
86 creatures vanquished.

Notes
Turn   | Place    | Note
-------+----------+-------------------------------------------
     0 | D:1      | zcampers the Minotaur Berserker began the quest for the
                  | Orb.
     0 | D:1      | Reached XP level 1. HP: 19/19 MP: 0/0
   164 | D:1      | You fall into a shaft and drop 1 floor!
   325 | D:2      | Reached XP level 2. HP: 23/27 MP: 1/1
   426 | D:2      | Noticed Terence
   427 | D:2      | Noticed Natasha
   434 | D:2      | Killed Natasha
   435 | D:2      | Reached skill level 4 in Axes
   435 | D:2      | Reached XP level 3. HP: 34/34 MP: 2/2
   436 | D:2      | Killed Terence
   867 | D:1      | Reached XP level 4. HP: 38/41 MP: 3/3
  1262 | D:2      | Noticed Natasha
  1268 | D:2      | Killed Natasha
  1371 | D:2      | Noticed Natasha
  1385 | D:2      | Killed Natasha
  1386 | D:2      | Reached skill level 5 in Axes
  1720 | D:3      | Noticed Robin
  1723 | D:3      | Reached ** piety under Trog
  1728 | D:3      | Killed Robin
  1729 | D:3      | Reached XP level 5. HP: 47/47 MP: 4/4
  1730 | D:3      | Noticed Sigmund
  1960 | D:3      | Noticed Sigmund
  1960 | D:3      | Sigmund changed into Sigmund the howler monkey
  1968 | D:3      | Killed Sigmund the howler monkey
  2626 | D:3      | Reached skill level 5 in Fighting
  2645 | D:4      | Reached XP level 6. HP: 54/56 MP: 5/5
  2722 | D:4      | Reached skill level 6 in Axes
  2816 | D:4      | Found a broken altar of Ashenzari.
  2826 | D:4      | Reached skill level 1 in Shields
  3008 | D:4      | Reached XP level 7. HP: 55/61 MP: 6/6
  3178 | D:4      | Reached *** piety under Trog
  3179 | D:4      | Reached skill level 1 in Stealth
  3210 | D:4      | Found a staircase to the Ecumenical Temple.
  3229 | Temple   | Entered the Ecumenical Temple
  3293 | D:4      | Found a basalt altar of Yredelemnul.
  3375 | D:4      | Found a white marble altar of Elyvilon.
  3455 | D:4      | Reached skill level 5 in Armour
  3512 | D:5      | Entered Level 5 of the Dungeon
  3513 | D:5      | Noticed Edmund
  3539 | D:5      | Killed Edmund
  3540 | D:5      | Reached skill level 7 in Axes
  3626 | D:5      | Found an ornate altar of the Wu Jian Council.
  3683 | D:5      | Reached XP level 8. HP: 46/70 MP: 7/7
  3737 | D:5      | Noticed Ijyb
  3744 | D:5      | Splashed by Ijyb's acid

Illustrated notes

Levels and vault maps discovered:
D:1:      dpeg_arrival_pits, layout_basic
D:2:      layout_basic, uniq_natasha, uniq_terence
D:3:      layout_loops_ring, minivault_26, uniq_robin, uniq_sigmund
D:4:      layout_cave_pools, kennysheep_ying_yang,
          minmay_temple_entry_overgrown, cheibrodos_ashenzari_chains
D:5:      layout_basic, old_standard_altar, kennysheep_okawaru_gauntlet,
          uniq_edmund, uniq_ijyb
Temple:   nicolae_temple_figure_eight

Skill      XL: |  1  2  3  4  5  6  7 |
---------------+----------------------+-----
Fighting       | 4 5 |  5.7
Axes           | 4 5 6 7 |  7.6
Dodging        | 3 4 |  4.5
Armour         | 3 4 5 |  5.6
Shields        | 1 3 |  3.1
Stealth        | 1 |  1.1

Action                   |  1- 3 |  4- 6 |  7- 9 || total
-------------------------+-------+-------+-------++-------
Melee: Hand axe          |    41 |   142 |    90 ||   273
       Headbutt          |     8 |    26 |    14 ||    48
Invok: Berserk           |     2 |     3 |     2 ||     7
       Trog's Hand       |       |       |     1 ||     1
Evoke: Wand              |       |     3 |       ||     3
  Use: Scroll            |     5 |     3 |       ||     8
       Potion            |     3 |     1 |     2 ||     6
Armor: Ring mail         |    13 |    58 |    31 ||   102
       Animal skin       |     4 |       |       ||     4
Dodge: Dodged            |    27 |    81 |    51 ||   159
       Repelled          |       |       |     5 ||     5
Block: Buckler           |       |    40 |    25 ||    65
